 Dungeon Crawl Stone Soup version 0.13-b1-41-gf166b9b (webtiles) character file.

671 Lilouch the Slasher (level 6, -3/48 HPs)
             Began as a Mummy Fighter on Oct 8, 2013.
             Slain by an orc
             ... wielding a -1,+1 orcish flail
              (6 damage)
             ... on Level 4 of the Dungeon.
             The game lasted 00:28:25 (9260 turns).

Lilouch the Slasher (Mummy Fighter)                 Turns: 9260, Time: 00:28:26

HP  -3/48        AC 11     Str 24      XL: 6   Next: 92%
MP   5/5         EV  3     Int  7      God:
Gold 177         SH 20     Dex 11      Spells:  0 memorised,  5 levels left

Res.Fire  : x . .   See Invis. : .   a - +0 falchion
Res.Cold  : + + .   Warding    : .   g - +0 plate armour
Life Prot.: + + +   Conserve   : .   c - +0 shield
Res.Poison: +       Res.Corr.  : +   (no helmet)
Res.Elec. : .       Clarity    : .   (no cloak)
Sust.Abil.: . .     Spirit.Shd : .   (no gloves)
Res.Mut.  : .       Stasis     : .   (no boots)
Res.Rott. : +       Flight     : .   q - amulet of resist corrosion {unknown}
Saprovore : . . .                    V - ring of protection from cold {unknown}
                                     o - +3 ring of strength

@: somewhat resistant to hostile enchantments, extremely unstealthy
A: no food or potions, fire vulnerability, restore body, cold resistance 1, life
protection 3, poison resistance, torment resistance, unbreathing
a: no special abilities


You were on level 4 of the Dungeon.
You were not hungry.

You visited 1 branch of the dungeon, and saw 4 of its levels.

You collected 157 gold pieces.

Inventory:

Hand weapons
 a - a +0,+0 falchion (weapon)
 w - a +2,+0 elven dagger
 I - a +1,+1 dwarven dagger (quivered)
 L - a +2,+0 elven dagger
 T - a +0 blowgun
Missiles
 u - 100 stones
 C - 34 darts
 E - 22 bolts of frost
 J - 34 poisoned needles
 O - 15 darts of dispersal
 R - 55 bolts
Armour
 c - a +0 shield (worn)
 g - a +0 plate armour (worn)
Magical devices
 x - a wand of hasting (4) {unknown}
 B - a wand of confusion (16) {unknown}
 H - a wand of lightning (5) {unknown}
 K - a wand of teleportation (4) {unknown}
Comestibles
 i - 2 chokos
 r - a meat ration
 G - 2 bread rations
 N - an orange
Scrolls
 d - 6 scrolls of remove curse {unknown}
 e - 2 scrolls of enchant weapon II {unknown}
 h - a scroll of curse weapon {unknown}
 j - a scroll of noise {unknown}
 l - a scroll of enchant weapon I {unknown}
 m - a scroll of random uselessness {unknown}
 n - 2 scrolls of enchant armour {unknown}
 y - a scroll of curse armour {unknown}
 F - 4 scrolls of teleportation {unknown}
 M - a scroll of magic mapping {unknown}
 S - a scroll of fear {unknown}
Jewellery
 o - a +3 ring of strength (left hand)
 p - an uncursed amulet of clarity {unknown}
 q - an amulet of resist corrosion (around neck) {unknown}
 V - a ring of protection from cold (right hand) {unknown}
Potions
 b - a potion of speed {unknown}
 f - a potion of resistance {unknown}
 k - a potion of might {unknown}
 z - a potion of magic {unknown}
 A - a potion of paralysis {unknown}
 P - a potion of degeneration {unknown}
 Q - 2 potions of flight {unknown}
 U - 2 potions of agility {unknown}
Miscellaneous
 t - a plain deck of changes


   Skills:
 - Level 3.0 Fighting
 * Level 4.2 Long Blades
 + Level 4.0 Armour
 + Level 3.9 Shields


You had 5 spell levels left.
You didn't know any spells.

Dungeon Overview and Level Annotations

Branches:
Dungeon (4/27)
 Temple: D:4-7

Altars:
Nemelex Xobeh

Shops:
D:4 }

Annotations:
D:2 Sigmund


Innate Abilities, Weirdness & Mutations

You do not eat or drink.
Your flesh is vulnerable to fire.
Your flesh is cold resistant.
You are immune to negative energy.
Your system is resistant to poisons.
You are immune to unholy pain and torment.
You can survive without breathing.


Message History

The orc priest is almost dead.
You block the orc priest's attack.
The orc hits you with an elven short sword.
* * * LOW HITPOINT WARNING * * *
You block the orc's attack.
You hit the orc priest.
You kill the orc priest!
Your Armour skill increases to level 4!
The orc barely misses you. The orc hits you with an orcish flail.
* * * LOW HITPOINT WARNING * * *
You hit the orc.
The orc is moderately wounded.
You block the orc's attack. The orc hits you with an orcish flail.
* * * LOW HITPOINT WARNING * * *
The orc hits you with an elven short sword.
* * * LOW HITPOINT WARNING * * *
Your shield and plate armour prevent you from hitting the orc.
The orc is moderately wounded.
The orc hits you with an orcish flail.
You die...

#...................
#...................
#...................
#...................
#...[...............
#...................
#...................
#...................
#.)@o...............
#.o.................
#...................
#...................
#...........%.......
#...................
#...................
#...................
#...................


You could see 2 orcs.

Vanquished Creatures
  A centaur skeleton (D:4)
  3 orc priests
  An orc wizard (D:4)
  A scorpion (D:4)
  An iguana (D:4)
  Ijyb (D:2)
  Jessica (D:3)
  3 gnolls (D:3)
  10 adders
  A giant mite (D:3)
  A worm (D:2)
  A giant eyeball (D:4)
  9 giant geckos
  An ooze (D:1)
  15 orcs
  9 goblins
  12 hobgoblins
  6 jackals
  11 kobolds
  4 quokkas
  11 bats
  4 giant cockroaches
  2 giant newts (D:1)
  8 rats
117 creatures vanquished.

Notes
Turn   | Place    | Note
--------------------------------------------------------------
     0 | D:1      | Lilouch, the Mummy Fighter, began the quest for the Orb.
     0 | D:1      | Reached XP level 1. HP: 18/18 MP: 0/0
   380 | D:1      | Found a sparkling altar of Nemelex Xobeh.
   384 | D:1      | Reached XP level 2. HP: 24/24 MP: 1/1
   743 | D:2      | Noticed Ijyb
   769 | D:2      | Killed Ijyb
   769 | D:2      | Reached XP level 3. HP: 28/30 MP: 2/2
   805 | D:2      | Noticed Sigmund
  1376 | D:2      | Reached XP level 4. HP: 33/36 MP: 3/3
  1837 | D:3      | Noticed Jessica
  1847 | D:3      | Killed Jessica
  1847 | D:3      | Reached XP level 5. HP: 33/41 MP: 4/4
  7267 | D:4      | Found Vuecuo's Gadget Shoppe.
  7340 | D:4      | Reached XP level 6. HP: 30/48 MP: 5/5
  7707 | D:4      | Reached skill level 4 in Long Blades
  7962 | D:4      | Paralysed by a giant eyeball for 2 turns
  9260 | D:4      | Slain by an orc

Action                   |  1- 3 |  4- 6 || total
-------------------------+-------+-------++-------
Melee: Falchion          |   128 |   407 ||   535
  Use: Scroll            |       |     1 ||     1
